cohdb
Replays
Latest Replays
All Replays
Popular Replays
Top Player Replays
Match Explorer
How It Works
Community
CoH3 Stats
Reddit
Sign in to upload your games and track your stats! →
Sign in with Steam
Match 43545562
Unlisted
Match 43545562
Overview
Messages
Build Orders
End
Royal Engineer Section
Construct Section Command Post
Selects Canadian Shock Battlegroup
Dingo Light Scout Car
Infantry Section
Infantry Section
Selects Attacking Spirit
Infantry Section
Construct Platoon Command Post
Humber Armored Car
Construct Field Infirmary
Grenade Package
6-pounder Anti-tank Gun Team
Infantry Training
Selects Canadian Shock Section
Selects Incendiary Munitions
Infantry Section
Infantry Section
Selects Pyrotechnics
6-pounder Anti-tank Gun Team
Selects Smoke Operation
Team Weapon Training
Construct Company Command Post
Crusader II Medium Tank
Bineto
JT
0
0
Comments
sign in to comment!
No comments posted yet!